 Dungeon Crawl Stone Soup version 0.17.0-18-gaab0e96 (webtiles) character file.

37 MTVSty1e the Ruffian (level 3, 0/28 HPs)
             Began as a Draconian Transmuter on Nov 11, 2015.
             Slain by a kobold
             ... wielding a +0 whip
              (1 damage)
             ... on level 2 of the Dungeon.
             The game lasted 00:06:54 (1198 turns).

MTVSty1e the Ruffian (Draconian Transmuter)         Turns: 1198, Time: 00:06:54

Health: 0/28       AC:  6    Str: 13    XL:     3   Next: 21%
Magic:  0/6        EV: 12    Int: 13    God:
Gold:   77         SH:  0    Dex: 11    Spells: 2 memorised, 3 levels left

rFire  . . .     SeeInvis .     e - +0 short sword
rCold  . . .     Clarity  .     (armour unavailable)
rNeg   . . .     SustAt   .     (no shield)
rPois  .         Gourm    .     (helmet restricted)
rElec  .         Spirit   +     (no cloak)
rCorr  .         Warding  .     (no gloves)
rMut   .         Stasis   .     (no boots)
MR     .....                    i - amulet of guardian spirit
Stlth  +.........               (no ring)
                                (no ring)

@: not resistant to hostile enchantments, very unstealthy
A: unfitting armour, big wings, shaggy fur 1, cold-blooded, AC +5
a: Fly


You were on level 2 of the Dungeon.
You were not hungry.

You visited 1 branch of the dungeon, and saw 2 of its levels.

You collected 77 gold pieces.

Inventory:

Hand Weapons
 e - a +0 short sword (weapon)
Missiles
 a - 12 arrows
Jewellery
 i - an amulet of guardian spirit (around neck)
Scrolls
 g - a scroll of remove curse
Books
 b - a book of Changes

   Spells                             Type                      Level
   a - Beastly Appendage              Transmutation                1
   b - Sticks to Snakes               Transmutation                2
   c - Spider Form                    Transmutation/Poison         3
   d - Ice Form                       Ice/Transmutation            4
   e - Blade Hands                    Transmutation                5


   Skills:
 + Level 1.4 Fighting
 + Level 0.2 Short Blades
 + Level 2.6 Dodging
 + Level 0.2 Stealth
 + Level 3.2 Unarmed Combat
 + Level 2.0 Spellcasting
 + Level 2.2 Transmutations


You had 3 spell levels left.
You knew the following spells:

 Your Spells              Type           Power        Failure   Level  Hunger
a - Beastly Appendage     Trmt           #.....       12%         1    ##.....
b - Sticks to Snakes      Trmt           #.........   17%         2    ###....


Dungeon Overview and Level Annotations

Branches:
Dungeon (2/15)

Altars:


Innate Abilities, Weirdness & Mutations

Your plain brown scales are hard (AC +5).
Your body does not fit into most forms of armour.
You are cold-blooded and may be slowed by cold attacks.
Your large and strong wings let you fly indefinitely.
You are covered in fur (AC +1).


Message History

The kobold misses you. The rat misses you.
You closely miss the kobold.
The kobold is moderately wounded.
The kobold hits you but does no damage. The rat barely misses you.
You hit the kobold but do no damage.
The kobold is moderately wounded.
The kobold hits you with a whip.
* * * LOW HITPOINT WARNING * * *
The rat barely misses you.
You closely miss the kobold.
The kobold is moderately wounded.
The kobold closely misses you. The rat bites you.
You hit the kobold but do no damage.
The kobold is moderately wounded.
The kobold misses you. The rat misses you.
You hit the kobold.
The kobold is severely wounded.
The kobold drinks a potion.
The kobold is healed!
The rat misses you.
You completely miss the kobold. The kobold hits you with a whip.
You die...

##..........#
#...........###.h
.......<........h
......#.....###..
##....#.....#
#..........#
#....#.....#
......###..##
.#... #@K.##
...## #r### ...
...# #. ...###
##.. #. .. ..


You could see a kobold and a rat.

Vanquished Creatures
  An adder (D:2)
  A giant gecko (D:1)
  A ball python (D:1)
  A giant cockroach (D:1)
  3 hobgoblins
  7 jackals
  2 kobolds (D:1)
  A bat (D:1)
  A giant newt (D:1)
  A goblin (D:1)
  6 rats (D:1)
25 creatures vanquished.

Notes
Turn   | Place    | Note
--------------------------------------------------------------
     0 | D:1      | MTVSty1e the Draconian Transmuter began the quest for the Orb.
     0 | D:1      | Reached XP level 1. HP: 16/16 MP: 3/3
   268 | D:1      | Reached XP level 2. HP: 14/23 MP: 5/5
   686 | D:1      | Learned a level 2 spell: Sticks to Snakes
   919 | D:2      | Gained mutation: Your large and strong wings let you fly indefinitely. [potion of beneficial mutation]
   921 | D:2      | Reached XP level 3. HP: 6/28 MP: 3/6
  1023 | D:2      | HP: 1/28 [jackal (1)]
  1025 | D:2      | Gained mutation: You are covered in fur (AC +1). [potion of beneficial mutation]
  1032 | D:2      | HP: 1/28 [jackal (1)]
  1040 | D:2      | HP: 1/28 [jackal (1)]
  1194 | D:2      | HP: 1/28 [kobold/whip (4)]
  1198 | D:2      | Slain by a kobold

Action                   || total
-------------------------++-------
Melee: Short sword       ||   135
       Unarmed           ||    10
  Use: Scroll            ||     4
       Potion            ||     4
 Stab: Sleeping          ||     1
  Eat: Bread ration      ||     1
